 Dungeon Sprint DCSS version 0.30-a0-996-ga6910c8ee8 (webtiles) character file.

Game seed: 8564511848751803392

4052 DiggyJ the Brawler (level 10, -13/107 HPs)
             Began as a Troll Berserker on Apr 4, 2023.
             Was the Champion of Trog.
             Collided with a stone wall (17 damage)
             ... caused by a deep elf knight
             ... in the Dungeon (Sprint III: "The Ten Rune Challenge").
             The game lasted 00:06:30 (856 turns).

DiggyJ the Brawler (Troll Berserker)                 Turns: 856, Time: 00:06:32

Health: -13/107    AC:  4    Str: 31    XL:     10   Next: 4%
Magic:  3/3        EV: 15    Int:  1    God:    Trog [******]
Gold:   1673       SH:  4    Dex: 17    Spells: 9/9 levels left

rFire   . . .      SeeInvis .    p - +9 dire flail of Painful Death {antimagic, rElec Int-2 Dex+8}
rCold   . . .      Faith    .    (shield currently unavailable)
rNeg    . . .      Spirit   .    a - +0 animal skin
rPois   .          Reflect  .    (helmet restricted)
rElec   +          Rampage  .    (no cloak)
rCorr   .          NoTele   +    (gloves unavailable)
Will    .....                    (boots unavailable)
Stlth   ++                       (no amulet)
HPRegen 1.97/turn                (no ring)
MPRegen 0.08/turn                (no ring)

@: no status effects
A: large, unfitting armour, claws 3, regeneration 2, shaggy fur 1, tough skin 1,
large bone plates 1, mutation resistance 1
a: Renounce Religion, Berserk, Trog's Hand, Brothers in Arms


You were in the Dungeon.
You worshipped Trog.
Trog was exalted by your worship.
You visited 1 branch You collected 1673 gold pieces.

Inventory:

Hand Weapons
 p - the +9 dire flail of Painful Death (weapon) {antimagic, rElec Int-2 Dex+8}
   (Trog gifted it to you in the Dungeon)

   Int:       It affects your intelligence (-2).
   Dex:       It affects your dexterity (+8).
   rElec:     It insulates you from electricity.
Armour
 a - a +0 animal skin (worn)
Wands
 n - a wand of paralysis (8)
Scrolls
 g - a scroll of blinking
 h - a scroll of poison
 i - a scroll of identify (quivered)
 k - a scroll of immolation
Potions
 c - a potion of heal wounds
 d - a potion of haste
 e - 2 potions of magic
 f - a potion of berserk rage
 j - 3 potions of flight
 l - 3 potions of mutation
 m - a potion of might
Miscellaneous
 o - a box of beasts


   Skills:
 + Level 9.5 Fighting
 + Level 1.5 Maces & Flails
 + Level 10.6 Dodging
 + Level 1.3 Stealth
 + Level 1.3 Shields
 + Level 16.8 Unarmed Combat


You had 9 spell levels left.
You didn't know any spells.
Your spell library contained the following spells:

 Spells                   Type           Power      Damage    Failure   Level
 Summon Small Mammal      Summ           0%         N/A       56%         1
 Sublimation of Blood     Necr           0%         N/A       71%         2
 Wereblood                Tmut           0%         N/A       71%         2
 Call Canine Familiar     Summ           0%         N/A       91%         3
 Summon Guardian Golem    Hex/Summ       0%         N/A       91%         3
 Summon Hydra             Summ           0%         N/A       100%        7


Dungeon Overview and Level Annotations

Branches:
Dungeon (1/1)

Altars:
Cheibriados
Dithmenos
Elyvilon
Fedhas
Gozag
Hepliaklqana
Kikubaaqudgha
Makhleb
Nemelex Xobeh
Okawaru
Qazlal
Ru
Sif Muna
Trog
Uskayaw
Vehumet
Wu Jian
Xom
Yredelemnul
Zin
The Shining One
Jiyva
Lugonu

Shops:
D ?


Innate Abilities, Weirdness & Mutations

You are too large for most types of armour.
You have claws for hands.
You heal very quickly.
You are covered in fur. (AC +1)
You have tough skin. (AC +1)
You are partially covered in large bone plates. (SH +4)
You are somewhat resistant to further mutation.


Message History

The shard of ice misses you.
The deep elf pyromancer falters for a moment.
You hear some strange, mumbled words.
A shard of ice appears from out of thin air!
The shard of ice misses you.
You feel much better. Something hits you but does no damage.
The deep elf pyromancer hits you with a +2 dagger of venom!
You puncture the deep elf pyromancer!
The deep elf pyromancer's magic leaks into the air.
The deep elf pyromancer is severely wounded.
Something hits you! Something hits you.
The deep elf pyromancer closely misses you.
Unknown command.
You thump the deep elf pyromancer!
You kill the deep elf pyromancer!
Trog accepts your kill.
Trog appreciates your killing of a magic user.
Something hits you. Something closely misses you.
Your Maces & Flails skill increases to level 1!
Your Shields skill increases to level 1!
You have reached level 10!
You completely miss something. Something hits you!
* * * LOW HITPOINT WARNING * * *
You block something's attack.
You impale something!! Something hits you but does no damage.
You miss something. Something hits you!
* * * LOW HITPOINT WARNING * * *
You miss something. Something hits you.
* * * LOW HITPOINT WARNING * * *
Something hits you but does no damage.
You hit something but do no damage. Something hits you.
* * * LOW HITPOINT WARNING * * *
You closely miss something. Something barely misses you.
You hear some strange, mumbled words.
A lance of force appears from out of thin air!
The lance of force hits you!!
* * * LOW HITPOINT WARNING * * *
You are knocked back by the lance of force.
You slam into the stone wall!
You die...

▓▓▓▓ ▓▓▓
########..####.########
__#__##.#.#..#..@)#e..#
_)#)_#.........{#.#e..#
###†##))......###.#...≈≈
.....#))......#.#.#...##
....)#)##..#.∩..#.'...#
####'#)###...##########
_#...#'##############
_#...#....#.#.#....)#
v#...##.#).#)##.###.#


You could see a deep elf pyromancer and a deep elf zephyrmancer.

Vanquished Creatures
  Erolcha (D)
  An orc knight (D)
  2 deep elf pyromancers (D)
  A shadow (D)
  A spatial vortex (D)
  An orc warrior (D)
  5 two-headed ogres (D)
  A water elemental (D)
  A necrophage (D)
  A scorpion (D)
  A jelly (D)
  2 orc priests (D)
  A wizard (D)
  A necromancer (D)
  3 orc wizards (D)
  A kobold demonologist (D)
  3 humans (D)
  11 orcs (D)
  An endoplasm (D)
  3 rats (D)
42 creatures vanquished.

Vanquished Creatures (others)
  A deep elf pyromancer (D)
1 creature vanquished.

Grand Total: 43 creatures vanquished

Notes
Turn   | Place    | Note
-------+----------+-------------------------------------------
     0 | D        | DiggyJ the Troll Berserker began the quest for the Orb.
     0 | D        | Reached XP level 1. HP: 22/22 MP: 0/0
    17 | D        | Reached ** piety under Trog
    56 | D        | Reached skill level 4 in Unarmed Combat
    56 | D        | Reached XP level 2. HP: 11/31 MP: 1/1
   198 | D        | Noticed a scorpion
   206 | D        | Killed a scorpion
   207 | D        | Reached skill level 5 in Unarmed Combat
   207 | D        | Reached XP level 3. HP: 19/40 MP: 2/2
   207 | D        | Reached XP level 4. HP: 23/49 MP: 3/3
   228 | D        | Gained mutation: You heal very quickly. [potion of
                  | mutation]
   228 | D        | Gained mutation: You are somewhat resistant to further
                  | mutation. [potion of mutation]
   228 | D        | Gained mutation: You are partially covered in large bone
                  | plates. (SH +4) [potion of mutation]
   251 | D        | Noticed a water elemental
   255 | D        | Killed a water elemental
   255 | D        | Reached *** piety under Trog
   256 | D        | Reached skill level 5 in Fighting
   256 | D        | Reached skill level 5 in Dodging
   256 | D        | Reached skill level 7 in Unarmed Combat
   256 | D        | Reached XP level 5. HP: 57/57 MP: 4/4
   307 | D        | Found a radiant altar of Vehumet.
   307 | D        | Found a shimmering blue altar of Sif Muna.
   307 | D        | Found an ancient bone altar of Kikubaaqudgha.
   311 | D        | Noticed a soul eater
   370 | D        | Found a glowing silver altar of Zin.
   370 | D        | Found a glowing golden altar of the Shining One.
   370 | D        | Found a white marble altar of Elyvilon.
   371 | D        | Noticed a deep elf pyromancer
   378 | D        | Noticed a fire elemental
   378 | D        | Killed a deep elf pyromancer
   379 | D        | Reached skill level 10 in Unarmed Combat
   379 | D        | Reached XP level 6. HP: 62/68 MP: 5/5
   379 | D        | Reached XP level 7. HP: 69/76 MP: 6/6
   390 | D        | Found a hide-covered altar of Uskayaw.
   390 | D        | Found an iron altar of Okawaru.
   390 | D        | Found a bloodstained altar of Trog.
   390 | D        | Found an ornate altar of the Wu Jian Council.
   390 | D        | Noticed a human
   391 | D        | Noticed a human
   397 | D        | Killed a human
   397 | D        | Reached **** piety under Trog
   398 | D        | Reached skill level 11 in Unarmed Combat
   401 | D        | Killed a human
   448 | D        | Found a basalt altar of Yredelemnul.
   448 | D        | Found a shadowy altar of Dithmenos.
   448 | D        | Found a sacrificial altar of Ru.
   459 | D        | Reached ***** piety under Trog
   460 | D        | Reached skill level 12 in Unarmed Combat
   471 | D        | Noticed a shadow
   476 | D        | Killed a shadow
   477 | D        | Reached XP level 8. HP: 83/88 MP: 7/7
   479 | D        | Received a gift from Trog
   531 | D        | Found a blossoming altar of Fedhas.
   531 | D        | Found a stormy altar of Qazlal.
   531 | D        | Found a snail-covered altar of Cheibriados.
   531 | D        | Found a burning altar of Makhleb.
   531 | D        | Found a shimmering altar of Xom.
   532 | D        | Found a hazy altar of Hepliaklqana.
   532 | D        | Found an opulent altar of Gozag.
   532 | D        | Found a sparkling altar of Nemelex Xobeh.
   532 | D        | Found a corrupted altar of Lugonu.
   532 | D        | Found a viscous altar of Jiyva.
   564 | D        | Reached skill level 13 in Unarmed Combat
   601 | D        | Noticed a two-headed ogre
   612 | D        | Killed a two-headed ogre
   638 | D        | Noticed Erolcha
   638 | D        | Noticed a two-headed ogre
   652 | D        | Killed Erolcha
   653 | D        | Reached skill level 1 in Stealth
   653 | D        | Reached skill level 14 in Unarmed Combat
   653 | D        | Reached XP level 9. HP: 53/97 MP: 8/8
   657 | D        | Killed a two-headed ogre
   658 | D        | Reached skill level 15 in Unarmed Combat
   720 | D        | Noticed an orc knight
   726 | D        | Received a gift from Trog
   729 | D        | Killed an orc knight
   730 | D        | Reached skill level 10 in Dodging
   734 | D        | Found Vadod's Magic Scroll Shop.
   742 | D        | Reached ****** piety under Trog
   746 | D        | Reached skill level 16 in Unarmed Combat
   747 | D        | Received a gift from Trog
   815 | D        | Noticed a deep elf knight
   815 | D        | Noticed a deep elf zephyrmancer
   815 | D        | Noticed a deep elf pyromancer
   815 | D        | Noticed a deep elf pyromancer
   815 | D        | Noticed a deep elf pyromancer
   825 | D        | Killed a deep elf pyromancer
   825 | D        | Identified the +9 dire flail of Painful Death {antimagic,
                  | rElec Int-2 Dex+8} (Trog gifted it to you in the Dungeon)
   825 | D        | Received a gift from Trog
   850 | D        | Killed a deep elf pyromancer
   851 | D        | Reached skill level 1 in Maces & Flails
   851 | D        | Reached skill level 1 in Shields
   851 | D        | Reached XP level 10. HP: 44/107 MP: 3/9
   856 | D        | HP: 4/107 [something/lance of force (25)]
   856 | D        | Collided with a stone wall

Illustrated notes

Levels and vault maps discovered:
D:        dungeon_sprint_mu [sprint_mu_entry_forest, sprint_mu_temple_rooms,
          sprint_mu_d1_spiders, sprint_mu_d2_genie, sprint_mu_d3_branching,
          sprint_mu_orc_legion, sprint_mu_elf_gauntlet, sprint_mu_hive_nellie,
          sprint_mu_lair_fedhas, sprint_mu_vaults_butterflies,
          sprint_mu_slime_circle, sprint_mu_swamp_cave, sprint_mu_shoals_kraken,
          sprint_mu_blade_basic, sprint_mu_crypt_lich, sprint_mu_tomb_spiral,
          sprint_mu_vestibule_basic, sprint_mu_gehenna_hellfire,
          sprint_mu_dis_giant, sprint_mu_tartarus_statrot,
          sprint_mu_cocytus_islands, sprint_mu_zot1]

Skill      XL: |  1  2  3  4  5  6  7  8  9 |
---------------+----------------------------+-----
Fighting       | 3 4 5 6 7 8 9 |  9.5
Dodging        | 3 4 5 7 8 9 10 | 10.6
Unarmed Combat | 4 5 7 10 12 14 16 | 16.8
Stealth        | 1 |  1.3
Maces & Flails | 1 |  1.5
Shields        | 1 |  1.3

Action                     |  1- 3 |  4- 6 |  7- 9 | 10-12 || total
---------------------------+-------+-------+-------+-------++-------
  Melee: Unarmed           |    26 |    23 |    86 |       ||   135
         Punch             |       |       |    11 |       ||    11
         Dire flail        |       |       |    10 |     6 ||    16
 Invoke: Berserk           |       |     2 |     3 |       ||     5
    Use: Potion            |       |     1 |     3 |       ||     4
         Scroll            |       |       |     2 |       ||     2
 Armour: Animal skin       |     6 |     1 |    14 |     2 ||    23
  Dodge: Dodged            |     7 |     3 |    43 |     1 ||    54
  Block: Other             |       |     1 |    13 |     1 ||    15

Table legend: (Time is in decaauts)
 A = Elapsed time spent in this place.
 B = Non-inter-level travel time spent in this place.
 C = Inter-level travel time spent in this place.
 D = Time resting spent in this place.
 E = Time spent auto-exploring this place.
 F = Levels seen in this place.
 G = Mean time per level.
                   A        B        C        D        E       F      G
               +--------+--------+--------+--------+--------+-----+--------+
         Total |    879 |    865 |     14 |    415 |      0 |   1 |  879.0 |
       Dungeon |    879 |    865 |     14 |    415 |      0 |   1 |  879.0 |
               +--------+--------+--------+--------+--------+-----+--------+

Top non-repeatable levels by time:
       D: 879 daAuts
